 Dungeon Crawl Stone Soup version 0.20-a0-2-g2b0e13a (console) character file.

95 brucemayne the Chopper (level 4, 0/35 HPs)
             Began as a Demonspawn Monk on Oct 29, 2016.
             Slain by a centaur (1 damage)
             ... on level 5 of the Dungeon.
             The game lasted 00:03:45 (1390 turns).

brucemayne the Chopper (Demonspawn Monk)            Turns: 1390, Time: 00:03:46

Health: 0/35       AC:  5    Str: 12    XL:     4   Next: 39%
Magic:  4/4        EV: 11    Int: 12    God:
Gold:   147        SH:  0    Dex: 15    Spells: 0 memorised, 3 levels left

rFire  . . .     SeeInvis .     a - +0 hand axe
rCold  . . .     Gourm    .     k - +0 ring mail
rNeg   . . .     Faith    .     (no shield)
rPois  .         Spirit   .     (no helmet)
rElec  .         Reflect  .     (no cloak)
rCorr  .         Harm     .     (no gloves)
MR     .....                    (no boots)
Stlth  +.........               (no amulet)
                                (no ring)
                                (no ring)

@: no status effects
A: claws 1, demonic guardian 1
a: no special abilities


You were on level 5 of the Dungeon.
You were hungry.

You visited 1 branch of the dungeon, and saw 6 of its levels.

You collected 147 gold pieces.

Inventory:

Hand Weapons
 a - a +0 hand axe (weapon)
Armour
 b - a +0 robe
 k - a +0 ring mail (worn)
 m - a +0 leather armour
 t - a +0 pair of gloves
Scrolls
 d - a scroll of amnesia {unknown}
 e - 3 scrolls of immolation {unknown}
 f - a scroll of enchant weapon {unknown}
 g - a scroll of blinking {unknown}
 h - a scroll of fog {unknown}
 i - 2 scrolls of identify {unknown}
 j - a scroll of fear {unknown}
 l - a scroll of magic mapping {unknown}
 p - a scroll of recharging {unknown}
 q - a scroll of noise {unknown}
Potions
 o - a potion of flight {unknown}
 r - a potion of curing {unknown}
 s - a potion of mutation {unknown}
Comestibles
 c - 4 bread rations
 n - a meat ration


   Skills:
 - Level 3.0 Fighting
 + Level 4.7 Axes
 - Level 2.6 Dodging
 - Level 1.7 Stealth


You had 3 spell levels left.
You didn't know any spells.

Dungeon Overview and Level Annotations

Branches:
Dungeon (6/15)
 Temple: D:4-7

Altars:
The Shining One


Innate Abilities, Weirdness & Mutations

You have sharp fingernails.
A weak demonic guardian rushes to your aid.


Message History

The centaur completely misses you.
The centaur hits you but does no damage.
Your iron imp hits the centaur.
Unknown command.
You strike the helpless centaur from behind!
You hit the centaur.
The centaur is almost dead.
Your iron imp disappears in a puff of smoke!
The centaur hits you.
* * * LOW HITPOINT WARNING * * *
The centaur hits you but does no damage.
You barely miss the centaur.
The centaur is almost dead.
The centaur hits you but does no damage.
Unknown command.
Okay, then.
You hit the centaur but do no damage.
The centaur is almost dead.
The centaur barely misses you. The centaur hits you.
You die...

..............
#..#.........# .....
#...........# .....
............# .....
..##........####...
.........#..#....#
######...#..#.#..## ##.
######...#........#.....
................@c.###
..#.#........((.........
#.#.#...##..#####..###..
#.#.#...##..... .....
.................?...>#
#.###......####.#.....(.
..# ##.#...# ....<.#.
#.####.....# # .....#
...........#.#


You could see a centaur.

Vanquished Creatures
  An orc wizard (D:3)
  A worker ant zombie (D:5)
  A dart slug (D:2)
  A leopard gecko (D:2)
  3 orcs
  A bat (D:1)
  3 giant cockroaches (D:3)
  3 goblins
  2 hobgoblins
  A ball python (D:1)
  3 frilled lizards
  3 kobolds
  A rat (D:3)
24 creatures vanquished.

Vanquished Creatures (collateral kills)
  A scorpion (D:4)
  An adder (D:4)
2 creatures vanquished.

Grand Total: 26 creatures vanquished

Notes
Turn   | Place    | Note
-------+----------+-------------------------------------------
     0 | D:1      | brucemayne the Demonspawn Monk began the quest for the Orb.
     0 | D:1      | Reached XP level 1. HP: 18/18 MP: 1/1
   108 | D:1      | Reached skill level 3 in Axes
   629 | D:2      | Gained mutation: A weak demonic guardian rushes to your aid. [demonic ancestry]
   629 | D:2      | Reached XP level 2. HP: 21/24 MP: 2/2
   698 | D:2      | Found a glowing golden altar of the Shining One.
   896 | D:3      | Reached skill level 4 in Axes
   896 | D:3      | Reached XP level 3. HP: 9/29 MP: 3/3
  1130 | D:4      | Noticed a scorpion
  1159 | D:4      | Killed a scorpion
  1159 | D:4      | Gained mutation: You have sharp fingernails. [demonic ancestry]
  1159 | D:4      | Reached XP level 4. HP: 35/35 MP: 4/4
  1185 | D:4      | Noticed an ogre
  1283 | D:5      | Entered Level 5 of the Dungeon
  1380 | D:5      | Noticed a centaur
  1388 | D:5      | HP: 1/35 [centaur (6)]
  1390 | D:5      | Slain by a centaur

Vault maps used:
D:1:      dpeg_arrival_rhombi, minmay_gold_behind_fungi
D:2:      nicolae_tso_carved_into_rock, minmay_tripent
D:3:      first_bread, uniq_grinder
D:4:      enter_ossuary_1, serial_shops, shop_statue
D:6:      gup_sewer_entry_glass, serial_shops, shop_fountains, uniq_pikel

Skill      XL: |  1  2 |
---------------+-------+-----
Axes           | 3 4 |  4.7
Fighting       | |  3.0
Dodging        | |  2.6
Stealth        | |  1.7

Action                   |  1- 3 |  4- 6 || total
-------------------------+-------+-------++-------
Melee: Hand axe          |    88 |    24 ||   112
  Use: Potion            |     1 |       ||     1
 Stab: Sleeping          |     4 |       ||     4
       Distracted        |       |     1 ||     1
  Eat: Chunk             |     1 |       ||     1
Armor: Robe              |    14 |       ||    14
       Ring mail         |    19 |    11 ||    30
Dodge: Dodged            |    63 |    15 ||    78
